AoeStats
← IsraDguez

Arabia

508076367Analyzed
1v1 RM · 13d ago on Sep 20, 2026· 44m 43s· 2 players
Game mode
Random Map
Map size
Tiny (2 player)
Population
200
Speed
Normal
Resources
Standard
Victory
Conquest
Starting age
Dark Age
Ending age
Imperial Age
RankedLock teamsTeams togetherTeam positionsShared explorationLock speedFull tech treeHidden civsTurbo modeCheats
Victory
Defeat
🇲🇽 Persians · Mexico
881
+14
🇲🇽 Maya · Mexico
846
-14
gaed8840
5:22 Loom
10:38 Feudal Age
13:39 Wheelbarrow
22:45 Gold Mining
22:41 Horse Collar
25:30 Castle Age
26:20 Castle Age
24:29 Double-Bit Axe
25:31 Scale Barding Armor
25:39 Forging
27:08 Bloodlines
29:22 Iron Casting
29:42 Chain Barding Armor
44:35 Imperial Age
IsraDguez
0:36 Loom
10:05 Feudal Age
12:44 Scale Mail Armor
16:23 Forging
21:25 Castle Age
19:27 Gold Mining
19:43 Fletching
19:41 Double-Bit Axe
20:44 Arson
21:39 Crossbowman
22:37 Chain Mail Armor
23:23 Wheelbarrow
23:40 Eagle Warrior
24:31 Padded Archer Armor
24:53 Bodkin Arrow
25:09 Horse Collar
26:22 Leather Archer Armor
28:54 Wheelbarrow
29:03 Iron Casting
28:33 Squires
29:25 Elite Skirmisher
30:15 Pikeman
40:16 Hand Cart
Connection lost

Rejoining the realm…

Still unreachable

The connection could not be restored.

Session expired

The server has moved on; the page needs a fresh start.